 Dungeon Crawl Stone Soup version 0.28.0-53-g5a82cb258f (webtiles) character file.

Game seed: 8152335925836100662

7216 buhh the Fighter (level 11, -9/102 HPs)
             Began as an Octopode Transmuter on June 20, 2022.
             Was a Priest of Cheibriados.
             Mangled by a catoblepas (31 damage)
             ... on level 10 of the Dungeon.
             The game lasted 00:21:22 (12809 turns).

buhh the Fighter (Octopode Transmuter)             Turns: 12809, Time: 00:21:23

Health: -9/102     AC: 10    Str: 24    XL:     11   Next: 11%
Magic:  14/14      EV: 16    Int: 28    God:    Cheibriados [***...]
Gold:   519        SH:  0    Dex: 20    Spells: 4/14 levels left

rFire   x . .      SeeInvis .     - Unarmed
rCold   + + +      Faith    .   (shield currently unavailable)
rNeg    . . .      Spirit   .   (helmet currently unavailable)
rPois   +          Reflect  .   (no amulet)
rElec   .          Harm     .   a - +4 ring of evasion
rCorr   +          Rampage  .   d - ring of resist corrosion
Will    +....                   n - +6 ring of strength
Stlth   ++........              s - ring of willpower
HPRegen 0.27/turn               (no ring)
MPRegen 0.14/turn               (no ring)
                                (no ring)
                                (no ring)

@: mighty, ice-form (expiring), very slow
A: freezing attack, boosted hp, almost no armour, amphibious, 8 rings, large,
(camouflage 1), (gelatinous body 1), (nimble swimmer 1), (tentacles)
a: End Transformation, Renounce Religion, Bend Time, Temporal Distortion


You were on level 10 of the Dungeon.
You worshipped Cheibriados.
Cheibriados was most pleased with you.
You were a creature of crystalline ice.
You visited 2 branches of the dungeon, and saw 12 of its levels.
You also visited: Sewer.

You collected 519 gold pieces.

Inventory:

Hand Weapons
 o - the +0 mace "Onlumaeg" {venom, rPois}
   (You took it off a goblin on level 3 of the Dungeon)

   It poisons the flesh of those it strikes.
   rPois:     It protects you from poison.
Missiles
 b - 12 poisoned darts
 G - 3 silver javelins
Jewellery
 a - a +4 ring of evasion (left front paw)
 d - a ring of resist corrosion (right front paw)
 n - a +6 ring of strength (on tentacle)
 s - a ring of willpower (on tentacle)
Wands
 e - a wand of mindburst (8)
 i - a wand of polymorph (9)
 l - a wand of flame (13)
 v - a wand of digging (4)
 F - a wand of iceblast (4)
Scrolls
 r - a scroll of summoning {unknown}
 u - a scroll of brand weapon {unknown}
 w - a scroll of vulnerability {unknown}
 P - 4 scrolls of magic mapping {!r!d}
 Q - a scroll of fog
 R - a scroll of torment
 Z - a scroll of enchant armour
Potions
 g - a potion of degeneration {unknown}
 h - a potion of berserk rage {!q}
 k - a potion of flight
 m - a potion of attraction {unknown}
 q - a potion of lignification {unknown}
 H - 2 potions of invisibility {!q!d}
 K - a potion of brilliance {!q!d}
 N - 4 potions of curing {!q!d}
 U - a potion of mutation {!d}
 V - 2 potions of cancellation {!q!d}


   Skills:
 * Level 11.7 Fighting
 - Level 5.0 Dodging
 - Level 1.0 Stealth
 - Level 3.0 Unarmed Combat
 - Level 2.0 Spellcasting
 - Level 8.0 Transmutations
 - Level 8.0 Ice Magic


You had 4 spell levels left.
You knew the following spells:

 Your Spells              Type           Power      Damage    Failure   Level
a - Beastly Appendage     Tmut           94%        N/A       1%          1
b - Wereblood             Tmut           47%        N/A       1%          2
c - Spider Form           Tmut/Pois      25%        N/A       5%          3
d - Ice Form              Ice/Tmut       47%        N/A       3%          4

Your spell library contained the following spells:

 Spells                   Type           Power      Damage    Failure   Level
 Scorch                   Fire           4%         2d5       14%         2
 Flame Wave               Conj/Fire      2%         2d4       65%         4
 Summon Cactus Giant      Summ           1%         N/A       100%        6


Dungeon Overview and Level Annotations

Branches:
Dungeon (11/15)            Temple (1/1) D:4             Orc (0/2) D:10
  Sewer (visited)
   Lair: D:8-11

Altars:
Ashenzari
Cheibriados
Dithmenos
Elyvilon
Kikubaaqudgha
Nemelex Xobeh
Uskayaw
Vehumet
Xom
Yredelemnul
The Shining One

Annotations:
D:5 2 runed translucent doors, jiml777's ghost, novice GrEE
D:6 1 runed translucent door, Valamore's ghost, novice GrFi


Innate Abilities, Weirdness & Mutations

You are a creature of crystalline ice.
You have a powerful freezing melee attack.
Your maximum health is increased.
Your armour is entirely melded.
You are incapable of wielding weapons or throwing items.
You cannot wear most types of armour.
You are amphibious.
You can wear up to eight rings at the same time.
((Your skin changes colour to match your surroundings (Stealth+).))
((Your rubbery body absorbs attacks. (AC +1, EV +1)))
((You are camouflaged when in or above water. (Stealth+)))
((You have tentacles for arms and can constrict up to eight enemies at once.))


Message History

You hit the catoblepas. You freeze the catoblepas.
The catoblepas is lightly wounded.
The catoblepas gores you!
You hit the catoblepas. You freeze the catoblepas.
The catoblepas is lightly wounded.
The catoblepas misses you.
You punch the catoblepas! You freeze the catoblepas.
The catoblepas is moderately wounded.
The catoblepas gores you!!
Blink to where?
Press: ? - help, Dir - move target
As you read the scroll of blinking {!d}, it crumbles to dust.
As you read the scroll of teleportation {!d}, it crumbles to dust.
You feel strangely unstable.
Your surroundings seem slightly different.
Really quaff
M - 2 potions of heal wounds {!q!d}?
You feel much better. The catoblepas closely misses you.
You feel very mighty all of a sudden. The catoblepas gores you!!
You pummel the catoblepas!! You freeze the catoblepas.
The catoblepas is severely wounded.
The catoblepas gores you!!
* * * LOW HITPOINT WARNING * * *
Really quaff
M - a potion of heal wounds {!q!d}?
You feel much better.
The catoblepas breathes a plume of calcifying dust at you.
The blast of calcifying dust hits you!
Your transformation is almost over.
The catoblepas gores you.
You hit the catoblepas but do no damage.
The catoblepas is severely wounded.
The catoblepas misses you.
You hit the catoblepas. You freeze the catoblepas.
The catoblepas is severely wounded.
The catoblepas gores you!!
* * * LOW HITPOINT WARNING * * *
You hit the catoblepas but do no damage.
The catoblepas is severely wounded.
The catoblepas gores you!!
You die...

..(...#...>......................
...####.................#..#.....
..### #.................#....)...
....###.................##.#.....
..#..##.................#...#....
..##.##.................#........
..##..#....>.............)..#....
..###.#..........Y>......[#####..
..# #.'.........Y§....##[)..#....
### ###..........§..............#
######'##########..#..#...#
#....# #......#.##
##'#############.........# #####
#.............#####...#..# ....#
#.............# ##...... ..[.#
#.............# #...... ....#
#.....(.......# #......


You could see a catoblepas.

Vanquished Creatures
  2 two-headed ogres
  A spectral centaur (D:10)
  2 gargoyles (D:10)
  A troll (D:10)
  A shadow (D:7)
  6 yaks (D:9)
  2 water moccasins
  2 orc warriors
  2 sky beasts
  3 ogres
  3 centaurs
  A phantom (D:6)
  A kobold brigand (D:8)
  A wyvern zombie (D:7)
  3 scorpions
  3 gnoll sergeants
  A water moccasin zombie (D:5)
  3 bullfrogs
  3 killer bees (D:9)
  4 howler monkeys
  2 bullfrog zombies (D:6)
  4 centaur zombies
  2 hounds (D:6)
  4 centaur skeletons
  2 orc priests
  Ijyb (D:3)
  Terence (D:3)
  5 iguanas
  5 orc wizards
  A howler monkey zombie (D:11)
  14 adders
  11 gnolls
  A howler monkey skeleton (D:5)
  4 river rats (Sewer)
  A shadow imp (D:6)
  3 worms
  A dart slug (D:3)
  23 orcs
  6 bats
  7 endoplasms
  4 giant cockroaches (D:3)
  13 goblins
  8 hobgoblins
  8 jackals
  20 kobolds
  4 quokkas
  10 ball pythons
  6 frilled lizards
  8 rats
224 creatures vanquished.

Vanquished Creatures (others)
  9 plants (Sewer)
9 creatures vanquished.

Grand Total: 233 creatures vanquished

Notes
Turn   | Place    | Note
-------+----------+-------------------------------------------
     0 | D:1      | buhh the Octopode Transmuter began the quest for the Orb.
     0 | D:1      | Reached XP level 1. HP: 13/13 MP: 3/3
   379 | D:1      | Reached XP level 2. HP: 14/19 MP: 3/5
   395 | D:1      | Reached skill level 2 in Fighting
  1188 | D:2      | Reached XP level 3. HP: 17/25 MP: 4/6
  1379 | D:2      | Reached skill level 3 in Fighting
  1507 | D:2      | Found a faded altar of an unknown god.
  1699 | D:2      | Noticed an ogre
  2185 | D:2      | Reached XP level 4. HP: 33/33 MP: 5/7
  2399 | D:3      | Noticed Ijyb
  2410 | D:3      | Killed Ijyb
  2411 | D:3      | Reached skill level 4 in Fighting
  2638 | D:3      | Found a glowing drain.
  2651 | Sewer    | Entered a sewer
  2684 | Sewer    | Reached XP level 5. HP: 28/38 MP: 8/8
  2873 | Sewer    | Reached skill level 5 in Fighting
  3049 | Sewer    | Noticed a kobold brigand
  3068 | Sewer    | Noticed a kobold brigand
  3558 | D:3      | Noticed an ogre
  3617 | D:3      | Killed an ogre
  3618 | D:3      | Reached XP level 6. HP: 31/45 MP: 7/9
  3932 | D:3      | Identified the +0 mace "Onlumaeg" {venom, rPois}
  3960 | D:3      | Noticed Terence
  3982 | D:3      | Killed Terence
  5061 | D:4      | Found a staircase to the Ecumenical Temple.
  5186 | Temple   | Entered the Ecumenical Temple
  5217 | Temple   | Became a worshipper of Cheibriados the Contemplative
  5236 | D:5      | Entered Level 5 of the Dungeon
  5242 | D:4      | Learned a level 2 spell: Wereblood
  5246 | D:4      | Learned a level 3 spell: Spider Form
  5341 | D:5      | Found a runed translucent door.
  5345 | D:5      | Noticed jiml777's ghost (novice GrEE)
  5460 | D:5      | You fall into a shaft and drop 3 floors!
  5512 | D:8      | Noticed a sky beast
  5530 | D:8      | Reached XP level 7. HP: 28/50 MP: 4/10
  5861 | D:8      | HP: 1/50 [gnoll sergeant/+0 spear (6)]
  6373 | D:7      | Reached * piety under Cheibriados
  6416 | D:7      | Identified the +2 cloak of the Sunfish {+Blink Will+}
  6470 | D:6      | Reached XP level 8. HP: 16/55 MP: 6/11
  6720 | D:6      | Found a runed translucent door.
  6723 | D:6      | Found a shimmering altar of Xom.
  6723 | D:6      | Noticed Valamore's ghost (novice GrFi)
  6724 | D:6      | Noticed a +2 falchion of chaos
  6992 | D:6      | Learned a level 4 spell: Ice Form
  7963 | D:5      | Reached ** piety under Cheibriados
  8257 | D:5      | Found a runed translucent door.
  8477 | D:7      | Reached XP level 9. HP: 61/61 MP: 8/12
 10359 | D:8      | Noticed a komodo dragon
 10560 | D:9      | Noticed a two-headed ogre
 10567 | D:9      | Killed a two-headed ogre
 10568 | D:9      | Reached skill level 6 in Fighting
 10724 | D:9      | Reached XP level 10. HP: 69/69 MP: 13/13
 10785 | D:9      | Found a shimmering altar of Xom.
 10807 | D:9      | Reached skill level 7 in Fighting
 10822 | D:9      | Reached skill level 8 in Fighting
 11286 | D:9      | Reached *** piety under Cheibriados
 11428 | D:9      | Noticed a gargoyle
 11486 | D:10     | Entered Level 10 of the Dungeon
 11486 | D:10     | Noticed a gargoyle
 11495 | D:10     | Noticed a two-headed ogre
 11633 | D:10     | Noticed a gargoyle
 11643 | D:10     | Killed a gargoyle
 11644 | D:10     | Reached skill level 9 in Fighting
 12108 | D:10     | Found a sparkling altar of Nemelex Xobeh.
 12189 | D:10     | Found a staircase to the Orcish Mines.
 12224 | D:10     | Killed a two-headed ogre
 12225 | D:10     | Reached skill level 10 in Fighting
 12420 | D:10     | Killed a gargoyle
 12421 | D:10     | Reached skill level 11 in Fighting
 12564 | D:10     | Noticed a spectral centaur warrior
 12577 | D:10     | Killed a spectral centaur warrior
 12578 | D:10     | Reached XP level 11. HP: 83/83 MP: 10/14
 12781 | D:11     | Noticed a catoblepas
 12809 | D:10     | Mangled by a catoblepas

Illustrated notes

Levels and vault maps discovered:
D:1:      nagdon_arrival_double_spiral, layout_loops_ring, minmay_pentomino_w2
D:2:      layout_loops_corners, basic_ecumenical_altar,
          wad_floor_pattern_untrapped, minmay_distorted
D:3:      layout_basic, gup_sewer_entry_bubbles, st_stairs_1,
          minmay_ogre_servants, uniq_terence, uniq_ijyb
D:4:      layout_loops_ring, minmay_temple_entry_large_hall
D:5:      layout_rooms, ebering_ghost_sewer_f, grunt_ministairs_5
D:6:      layout_loops_ring, ebering_ghost_xom
D:7:      layout_cave_pods, nrook_pool_corridor
D:8:      layout_loops_ring, erik_lair_dragon
D:9:      cheibrodos_statue_roulette, layout_rooms,
          nicolae_overflow_crystal_walls
D:10:     layout_roguey, nemelex_altar_shiori, orc_0_dummy, skrybe_limestone_x,
          hangedman_decor_lopped, hangedman_weighted_door, minmay_diced_spiral
D:11:     layout_small_grid
Temple:   regret_index_temple_chain_breaker

Skill      XL: |  1  2  3  4  5  6  7  8  9 10 |
---------------+-------------------------------+-----
Stealth        | 1 |  1.0
Fighting       | 2 3 4 5 6 11 | 11.7
Transmutations | 3 5 7 8 |  8.0
Ice Magic      | 6 8 |  8.0
Dodging        | 4 5 |  5.0
Unarmed Combat | |  3.0
Spellcasting   | |  2.0

Action                   |  1- 3 |  4- 6 |  7- 9 | 10-12 || total
-------------------------+-------+-------+-------+-------++-------
Melee: Unarmed           |    82 |   186 |   208 |   139 ||   615
       Kick              |    19 |    72 |    13 |       ||   104
       Constrict         |    17 |    51 |     9 |       ||    77
       Tentacles         |    12 |    41 |    14 |       ||    67
       Punch             |     2 |     7 |     1 |       ||    10
 Cast: Beastly Appendage |    24 |    41 |    11 |       ||    76
       Spider Form       |       |     3 |    12 |       ||    15
       Ice Form          |       |       |    18 |    15 ||    33
       Wereblood         |       |       |       |     2 ||     2
Evoke: Wand              |       |     1 |    11 |     8 ||    20
  Use: Scroll            |       |    10 |       |     7 ||    17
       Potion            |       |     6 |     1 |     3 ||    10
 Stab: Sleeping          |    10 |     8 |     2 |       ||    20
Armor: Skin              |     5 |    14 |    39 |    63 ||   121
Dodge: Dodged            |    64 |   141 |   167 |   175 ||   547
